 Dungeon Crawl Stone Soup version 0.25.1-2-g60ff931df9 (webtiles) character file.

Game seed: 5653498625290432180

155582 solopath the Unseen (level 17, -2/129 HPs)
             Began as a Barachi Ice Elementalist on Nov 7, 2020.
             Was a High Priest of Okawaru.
             Killed from afar by a starcursed mass (9 damage)
             ... with an accursed screaming
             ... in a wizard's laboratory on Nov 8, 2020.
             The game lasted 02:13:11 (43295 turns).

solopath the Unseen (Barachi Ice Elementalist)     Turns: 43295, Time: 02:13:11

Health: -2/129     AC: 16    Str:  7    XL:     17   Next: 65%
Magic:  0/41       EV: 23    Int: 35    God:    Okawaru [*****.]
Gold:   4913       SH: 15    Dex: 16    Spells: 5/39 levels left

rFire    + . .     SeeInvis .   H - +8 short sword "Cenutrom" {freeze, rF+}
rCold    + + +     Gourm    .   G - +0 buckler
rNeg     . . .     Faith    .   Q - +2 robe {MR+}
rPois    +         Spirit   +   d - +0 hat "Feemid Ili" {rCorr Int+3}
rElec    .         Reflect  .   O - +2 cloak
rCorr    +         Harm     .   E - +2 pair of gloves
MR       +....                  v - +0 pair of boots of Enutwol {rPois MR- Int+4}
Stlth    ++++++++..             C - brooch of Shielding {Spirit SH+8}
HPRegen  0.31/turn              i - ring of Riwkijuo {*Drain rC+++ MP+9 Dex+4}
MPRegen  0.27/turn              A - +6 ring of intelligence

@: heroism, can't hop, frozen ramparts, slow
A: +LOS, swims, claws 1, iridescent scales 1, yellow scales 1, clumsy 1,
slowness 1, weak 1, evolution 1, strong legs 2
a: Hop, Heroism, Finesse, Renounce Religion


You were in a wizard's laboratory.
You worshipped Okawaru.
Okawaru was extremely pleased with you.
You were not hungry.

You visited 6 branches of the dungeon, and saw 29 of its levels.
You also visited: Ice Cave and Wizlab.

You collected 5201 gold pieces.
You spent 288 gold pieces at shops.

Inventory:

Hand Weapons
 q - a +4 scimitar of flaming
 H - the +8 short sword "Cenutrom" (weapon) {freeze, rF+}
   (You found it on level 6 of the Dungeon)

   It has been specially enchanted to freeze those struck by it, causing extra
   injury to most foes and up to half again as much damage against particularly
   susceptible opponents.
   It can also slow down cold-blooded creatures.
   It protects you from fire.
 Y - a +6 quick blade
Missiles
 U - 2 silver javelins (quivered)
Armour
 d - the +0 hat "Feemid Ili" (worn) {rCorr Int+3}
   (Okawaru gifted it to you on level 6 of the Lair of Beasts)

   It affects your intelligence (+3).
   It provides partial protection from all sources of acid and corrosion.
 v - the +0 pair of boots of Enutwol (worn) {rPois MR- Int+4}
   (Okawaru gifted it to you on level 1 of the Swamp)

   It affects your intelligence (+4).
   It protects you from poison.
   It affects your resistance to hostile enchantments.
 E - a +2 pair of gloves (worn)
 G - a +0 buckler (worn)
 O - a +2 cloak (worn)
 Q - a +2 robe of magic resistance (worn)
Jewellery
 i - the ring of Riwkijuo (left hand) {*Drain rC+++ MP+9 Dex+4}
   (You found it on level 7 of the Dungeon)

   [ring of magical power]

   It affects your dexterity (+4).
   It renders you almost immune to cold.
   It affects your magic capacity (+9).
   It causes draining when unequipped.
 A - a +6 ring of intelligence (right hand)
 C - the brooch of Shielding (around neck) {Spirit SH+8}
   (You found it on level 13 of the Dungeon)

   [amulet of guardian spirit]

   It causes incoming damage to be split between your health and magic.
   It affects your SH (+8).
 K - an uncursed ring of ice
 S - an uncursed ring of see invisible
Wands
 k - a wand of enslavement (12)
 l - a wand of flame (19)
 n - a wand of clouds (5)
 o - a wand of acid (8)
 t - a wand of paralysis (11)
 w - a wand of polymorph (15)
 M - a wand of disintegration (14)
 P - a wand of digging (2)
 W - a wand of iceblast (19)
Scrolls
 b - 4 scrolls of enchant weapon
 e - 14 scrolls of identify
 f - 5 scrolls of enchant armour
 h - 5 scrolls of fear
 p - 4 scrolls of blinking
 x - a scroll of silence
 y - 3 scrolls of amnesia
 B - 10 scrolls of remove curse
 F - 3 scrolls of teleportation
 Z - 3 scrolls of magic mapping
Potions
 a - 2 potions of haste
 g - 3 potions of invisibility
 j - a potion of ambrosia
 m - 4 potions of brilliance
 r - 2 potions of magic
 s - 13 potions of curing
 L - 5 potions of stabbing
 N - 7 potions of flight
 R - 3 potions of might
 X - a potion of cancellation
Miscellaneous
 I - a tin of tremorstones (3/3)
 T - a phial of floods
Comestibles
 c - 37 rations


   Skills:
 + Level 10.4(15.4) Fighting
 + Level 12.1(17.1) Short Blades
 - Level 2.9(7.9) Throwing
 - Level 0.4(5.4) Armour
 + Level 9.1(14.1) Dodging
 * Level 16.5(21.5) Stealth
 - Level 5.0(10.0) Shields
 - Level 11.9 Spellcasting
 - Level 4.8 Conjurations
 - Level 2.1 Summonings
 - Level 8.0 Translocations
 - Level 3.0 Fire Magic
 - Level 11.8 Ice Magic
 + Level 3.6 Earth Magic
 - Level 8.2 Invocations
 - Level 5.2 Evocations


You had 5 spell levels left.
You knew the following spells:

 Your Spells              Type           Power        Failure   Level  Hunger
a - Freeze                Ice            ####         0%          1    None
b - Frozen Ramparts       Ice            ######       1%          3    None
c - Hailstorm             Conj/Ice       ######..     1%          4    None
d - Summon Ice Beast      Ice/Summ       ######..     1%          4    None
e - Ozocubu's Armour      Chrm/Ice       ######..     1%          3    None
f - Blink                 Tloc           N/A          1%          2    None
g - Mephitic Cloud        Conj/Pois/Air  ####....     3%          3    None
h - Conjure Flame         Conj/Fire      #####...     1%          3    None
i - Passwall              Tmut/Erth      ####....     1%          2    None
j - Petrify               Tmut/Erth      ####....     10%         4    None
k - Bolt of Magma         Conj/Fire/Erth #####.....   12%         5    None

Your spell library contained the following spells:

 Spells                   Type           Power        Failure   Level  Hunger
 Beastly Appendage        Tmut           ###...       1%          1    None
 Corona                   Hex            ###....      1%          1    None
 Magic Dart               Conj           ####         1%          1    None
 Sandblast                Erth           #####.       1%          1    None
 Call Imp                 Summ           #####...     1%          2    None
 Gell's Gravitas          Tloc           ######....   1%          3    None
 Portal Projectile        Hex/Tloc       #####.       1%          3    None
 Stone Arrow              Conj/Erth      ######       1%          3    None
 Ice Form                 Ice/Tmut       ######..     1%          4    None
 Slow                     Hex            ###.....     3%          2    None
 Sticks to Snakes         Tmut           ###.....     3%          2    None
 Inner Flame              Hex/Fire       ####....     3%          3    None
 Metabolic Englaciation   Hex/Ice        ######....   4%          5    None
 Confusing Touch          Hex            ###.....     6%          3    None
 Spider Form              Tmut/Pois      ###.......   6%          3    None
 Leda's Liquefaction      Hex/Erth       ####......   10%         4    None
 Lee's Rapid Deconstruct  Erth           #####.....   12%         5    None
 Cause Fear               Hex            ###.......   21%         4    None
 Irradiate                Conj/Tmut      #####.....   22%         5    None
 Iskenderun's Battlesphe  Conj/Chrm      #####...     22%         5    None
 Blade Hands              Tmut           ###.......   50%         5    None
 Silence                  Hex/Air        ###.......   50%         5    None
 Yara's Violent Unravell  Hex/Tmut       ###.......   50%         5    None
 Iron Shot                Conj/Erth      ######....   50%         6    ####...
 Statue Form              Tmut/Erth      ####.....    83%         6    ####...
 Orb of Destruction       Conj           ######....   94%         7    #####..
 Hydra Form               Tmut           ###.......   97%         6    ####...
 Spellforged Servitor     Conj/Summ      #####.....   99%         7    #####..
 Dragon Form              Tmut           ###.......   100%        7    #####..
 Discord                  Hex            ###.......   100%        8    #######


Dungeon Overview and Level Annotations

Branches:
Dungeon (15/15)            Temple (1/1) D:5            Lair (6/6) D:8
  Swamp (4/4) Lair:2        Snake (0/4) Lair:2        Slime (0/5) Lair:6
    Orc (2/2) D:10            Elf (1/3) Orc:2        Vaults (0/5) D:13
  IceCv (visited)          WizLab (1/1)
 Depths: D:15

Altars:
Ashenzari
Cheibriados
Dithmenos
Elyvilon
Fedhas
Gozag
Hepliaklqana
Kikubaaqudgha
Makhleb
Nemelex Xobeh
Okawaru
Qazlal
Ru
Sif Muna
Trog
Uskayaw
Vehumet
Wu Jian
Xom
Yredelemnul
Zin
The Shining One
Beogh

Shops:
Orc:2 (*[=   Elf:1 *

Annotations:
D:3 3 runed translucent doors, barney's ghost, amateur DrTm
D:11 2 transporters, JustinTrotter's ghost, journeyman MiBe
Swamp:1 2 transporters, Foxy's ghost, adept GrFi
Swamp:2 2 transporters, KCGemini's ghost, journeyman FeBe WizLab 1 transporter


Innate Abilities, Weirdness & Mutations

You can be seen from farther away. (+LOS)
You can swim through water.
You cover ground slowly.
You can hop long distances.
You have sharp fingernails.
You are partially covered in iridescent scales. (AC +2)
You are partially covered in yellow scales. (AC +2)
You are clumsy. (Dex -2)
You are weak. (Str -2)
You evolve.


Message History

The stone giant misses you.
You feel much better. The stone giant hits you!
A starcursed mass splits.
A chorus of shrieks assaults your mind.
You hit the stone giant but do no damage.
The stone giant is heavily wounded.
You hit the stone giant but do no damage.
The stone giant is heavily wounded.
The stone giant hits you!!
* * * LOW HITPOINT WARNING * * *
A starcursed mass splits.
Unknown command.
Casting: Ozocubu's Armour (safe; 1% risk of failure)
Confirm with . or Enter, or press ? or * to list all spells.
The walls around you are covered in ice.
The wall freezes the stone giant. x2; A starcursed mass splits.
Your icy armour cracks and falls away as you move.
The wall freezes the stone giant! x2; The stone giant hits you!
* * * LOW HITPOINT WARNING * * *
A chorus of shrieks assaults your mind.
You die...

##.. #..##..# ...
#...# #.XX..## ....
#....###.((...##...#
#......X###.......#
###.....## ......
##(#(..(###..##C.
#..#C#.......##
#..C.###......##
#...@# #.......#
#..(.## #..##.......
#.... #...###....#
#.##. #.....###.##
#. .. #..#....### #
.# ##....#...## ..
#.....##..#:[# #.
#(.#.## ..#©[# ..
#.....##..#}:#


You could see 2 starcursed masses and 2 stone giants.

Vanquished Creatures
  Jorgrun (Orc:1)
  A sphinx (D:14)
  3 tentacled starspawn (WizLab)
  A thorn hunter (Swamp:2)
  2 orc warlords (Orc:2)
  Nessos (Lair:5)
  2 very ugly things (IceCv)
  Josephine (Lair:5)
  A fire dragon (D:13)
  2 great orbs of eyes
  4 vault guards (D:13)
  Erolcha (D:10)
  9 hydras
  An ice dragon (shapeshifter) (D:13)
  2 ghost crabs
  Erica (Orc:1)
  A centaur warrior (D:14)
  A dancing weapon (Elf:1)
  6 two-headed ogres
  2 death knights
  11 alligators
  A tengu warrior (D:13)
  An orc high priest (Orc:2)
  A deep elf knight (Orc:2)
  Nergalle (Lair:3)
  A flayed ghost (D:13)
  5 swamp dragons
  A spriggan druid (Swamp:4)
  3 spectral hydras (Swamp:4)
  2 unseen horrors
  A glowing orange brain (WizLab)
  A phantasmal warrior (D:14)
  A wizard (D:13)
  6 orc knights
  4 harpies (D:15)
  5 ugly things
  A necromancer (Lair:5)
  6 orc sorcerers
  11 deep elf magi
  6 cyclopes
  6 elephants (Lair:6)
  A centaur zombie (D:10)
  A manticore (D:11)
  6 black mambas
  6 ice statues
  4 gargoyles
  16 spiny frogs
  5 kobold demonologists
  12 komodo dragons
  A spiny frog (shapeshifter) (D:14)
  5 swamp worm zombies (Swamp:4)
  2 rime drakes
  An anaconda simulacrum (IceCv)
  A tengu conjurer (D:13)
  2 freezing wraiths (D:14)
  8 trolls
  7 bog bodies
  5 meliai
  9 hornets
  4 hydra zombies (Swamp:4)
  7 polar bears
  14 tyrant leeches
  21 blink frogs
  A harpy skeleton (D:15)
  3 slime creatures
  An alligator zombie (Swamp:4)
  18 hippogriffs
  5 dream sheep (Lair:4)
  5 shadows
  40 yaks
  17 spriggans
  A vampire (D:15)
  Grum (D:8)
  Sigmund (D:2)
  7 wraiths
  5 wyverns
  3 basilisks
  A dire elephant simulacrum (IceCv)
  A nameless horror (D:6)
  A neqoxec (WizLab)
  5 golden eyes (WizLab)
  A hungry ghost (D:11)
  6 vampire mosquitoes
  5 wargs
  2 harpy simulacra (IceCv)
  2 iron troll simulacra (IceCv)
  4 nagas (Lair:2)
  A soldier ant (D:13)
  14 swamp worms
  27 insubstantial wisps
  3 acid dragons
  2 hydra simulacra (IceCv)
  6 porcupines
  8 water moccasins
  A swamp drake (Swamp:3)
  9 sky beasts
  2 swamp dragon zombies (Swamp:4)
  A necrophage (D:13)
  An ettin simulacrum (IceCv)
  10 ice beasts
  34 orc warriors
  5 phantoms
  7 black bears
  2 eyes of draining
  58 wolves
  8 ogres
  4 boggarts (Lair:6)
  9 centaurs
  11 crocodiles
  3 big kobolds (D:14)
  18 bullfrogs
  A gnoll sergeant (D:8)
  A wyvern zombie (D:12)
  A wyvern skeleton (D:6)
  4 scorpions
  24 killer bees
  8 howler monkeys
  12 wights
  8 crimson imps
  2 quasits
  9 jellies
  2 bullfrog zombies
  18 orc priests
  9 hounds
  17 orc wizards
  A bullfrog skeleton (D:13)
  2 centaur skeletons
  7 iguanas
  6 worker ants
  3 yak simulacra (Lair:5)
  3 wolf simulacra (Lair:5)
  2 hound skeletons
  10 adders
  6 gnolls
  6 shadow imps
  An adder zombie (D:5)
  6 adder skeletons
  4 worms
  2 dart slugs
  3 leopard geckos
  78 orcs
  10 giant cockroaches
  9 goblins
  10 hobgoblins
  8 jackals
  5 quokkas
  5 bats
  3 frilled lizards
  16 kobolds
  A leopard gecko skeleton (D:7)
  A quokka zombie (D:5)
  11 rats
  5 river rat simulacra (Lair:5)
  A bush (Lair:6)
  A fungus (Lair:6)
  A starspawn tentacle (WizLab)
979 creatures vanquished.

Vanquished Creatures (collateral kills)
  A thorn hunter (Swamp:4)
  An orc warlord (Orc:2)
  3 slime creatures
  3 swamp worm zombies (Swamp:4)
  A hydra zombie (Swamp:4)
  2 hornets
  2 spectral swamp dragons (Swamp:4)
  2 spriggans
  A wraith (D:15)
  A vampire mosquito (Swamp:4)
  An orc warrior (Orc:2)
  An ice beast (D:6)
  A phantom (Swamp:4)
  An ogre (Orc:2)
  A wolf (Lair:6)
  3 orc priests (Orc:2)
  2 spectral swamp drakes (Swamp:4)
  A swamp drake zombie (Swamp:4)
  An orc (Orc:2)
29 creatures vanquished.

Vanquished Creatures (others)
  A two-headed ogre (D:7)
  A spiny frog (Swamp:4)
  3 insubstantial wisps (Swamp:3)
  2 phantoms (Swamp:4)
  A swamp drake (Swamp:3)
  2 briar patches (Swamp:4)
  23 fungi
  14 plants (Lair:6)
  5 starspawn tentacles (WizLab)
52 creatures vanquished.

Grand Total: 1060 creatures vanquished

Notes
Turn   | Place    | Note
-------+----------+-------------------------------------------
     0 | D:1      | solopath the Barachi Ice Elementalist began the quest for
                  | the Orb.
     0 | D:1      | Reached XP level 1. HP: 13/13 MP: 3/3
   167 | D:1      | Reached skill level 5 in Ice Magic
   288 | D:1      | Reached skill level 2 in Stealth
   288 | D:1      | Reached XP level 2. HP: 13/19 MP: 3/5
   830 | D:1      | Reached XP level 3. HP: 23/24 MP: 1/6
  1334 | D:2      | Learned a level 3 spell: Frozen Ramparts
  1548 | D:2      | Reached XP level 4. HP: 28/30 MP: 4/8
  1574 | D:2      | Reached skill level 1 in Short Blades
  1575 | D:2      | Reached XP level 5. HP: 20/35 MP: 3/9
  2043 | D:2      | Noticed Sigmund
  2050 | D:2      | Learned a level 4 spell: Hailstorm
  2086 | D:2      | Gained mutation: You are covered in fur. (AC +1) [potion of
                  | mutation]
  2086 | D:2      | Gained mutation: You are robust. (+10% HP) [potion of
                  | mutation]
  2102 | D:2      | Killed Sigmund
  2102 | D:2      | Reached skill level 3 in Stealth
  2102 | D:2      | Reached XP level 6. HP: 45/45 MP: 6/11
  2463 | D:2      | You fall into a shaft and drop 2 floors!
  2758 | D:3      | Found a runed translucent gate.
  2758 | D:3      | Found a runed translucent gate.
  2758 | D:3      | Found a runed translucent gate.
  2758 | D:3      | Noticed barney's ghost (amateur DrTm)
  3015 | D:3      | Reached XP level 7. HP: 38/50 MP: 6/12
  3111 | D:3      | Learned a level 4 spell: Summon Ice Beast
  3205 | D:3      | Found a shimmering blue altar of Sif Muna.
  3897 | D:4      | Found a shimmering altar of Xom.
  4232 | D:5      | Entered Level 5 of the Dungeon
  4305 | D:5      | Reached skill level 4 in Stealth
  4746 | D:5      | Found a staircase to the Ecumenical Temple.
  4857 | Temple   | Entered the Ecumenical Temple
  5040 | Temple   | Became a worshipper of Warmaster Okawaru
  5552 | D:6      | Reached XP level 8. HP: 57/57 MP: 10/14
  5950 | D:6      | Noticed a nameless horror
  5956 | D:6      | Killed a nameless horror
  6096 | D:6      | Reached skill level 1 in Shields
  6096 | D:6      | Reached skill level 1 in Summonings
  6415 | D:6      | Reached * piety under Okawaru
  6610 | D:6      | Reached skill level 5 in Spellcasting
  6616 | D:6      | Learned a level 3 spell: Ozocubu's Armour
  6619 | D:6      | Learned a level 2 spell: Blink
  6767 | D:6      | Got a dazzling short sword
  6768 | D:6      | Identified the +8 short sword "Cenutrom" {freeze, rF+} (You
                  | found it on level 6 of the Dungeon)
  6969 | D:7      | Reached skill level 5 in Stealth
  7555 | D:7      | Found a burning altar of Makhleb.
  7650 | D:7      | Reached ** piety under Okawaru
  7650 | D:7      | Reached XP level 9. HP: 59/62 MP: 17/17
  7741 | D:7      | Noticed a cyclops
  7754 | D:7      | Killed a cyclops
  7754 | D:7      | Reached skill level 10 in Ice Magic
  7759 | D:7      | Noticed a two-headed ogre
  7759 | D:7      | Noticed a two-headed ogre
  7760 | D:7      | Noticed a cyclops
  7769 | D:7      | Killed a two-headed ogre
  7769 | D:7      | Reached *** piety under Okawaru
  7777 | D:7      | Killed a two-headed ogre
  7777 | D:7      | Reached skill level 6 in Stealth
  8196 | D:7      | Killed a cyclops
  8196 | D:7      | Reached skill level 5 in Short Blades
  8196 | D:7      | Reached XP level 10. HP: 63/69 MP: 15/19
  8296 | D:7      | Got a clouded lead ring
  8303 | D:7      | Identified the ring of Riwkijuo {*Drain rC+++ MP+9 Dex+4}
                  | (You found it on level 7 of the Dungeon)
  8475 | D:8      | Noticed Grum
  8489 | D:8      | Killed Grum
  8779 | D:8      | Reached skill level 5 in Shields
  9121 | D:8      | Reached **** piety under Okawaru
  9129 | D:8      | Reached skill level 1 in Fighting
  9153 | D:8      | Reached skill level 7 in Stealth
  9309 | D:8      | Found a staircase to the Lair.
  9361 | D:8      | Learned a level 3 spell: Mephitic Cloud
  9365 | D:8      | Learned a level 3 spell: Conjure Flame
  9430 | D:8      | Found an ornate altar of the Wu Jian Council.
  9431 | D:8      | Found a snail-covered altar of Cheibriados.
  9935 | D:9      | Found an opulent altar of Gozag.
  9935 | D:9      | Found a stormy altar of Qazlal.
 10095 | D:9      | Reached XP level 11. HP: 62/81 MP: 22/22
 10412 | D:9      | Reached ***** piety under Okawaru
 10412 | D:9      | Reached skill level 8 in Stealth
 10572 | D:10     | Entered Level 10 of the Dungeon
 10630 | D:10     | Noticed a two-headed ogre
 10639 | D:10     | Killed a two-headed ogre
 10903 | D:10     | Found a blossoming altar of Fedhas.
 11045 | D:10     | Noticed a two-headed ogre
 11054 | D:10     | Killed a two-headed ogre
 11054 | D:10     | Received a gift from Okawaru
 11310 | D:10     | Reached skill level 9 in Stealth
 11605 | D:10     | Noticed Erolcha
 11609 | D:10     | Killed Erolcha
 11609 | D:10     | Reached skill level 5 in Dodging
 11655 | D:10     | Found a staircase to the Orcish Mines.
 11732 | D:10     | Reached skill level 5 in Fighting
 11993 | Lair:1   | Entered Level 1 of the Lair of Beasts
 12167 | Lair:1   | Noticed an eight-headed hydra
 12186 | Lair:1   | Killed an eight-headed hydra
 12186 | Lair:1   | Reached XP level 12. HP: 77/94 MP: 17/24
 12313 | Lair:1   | Noticed a spriggan rider
 12325 | Lair:1   | Reached skill level 10 in Stealth
 13138 | Lair:2   | Found a staircase to the Snake Pit.
 13305 | Lair:2   | Received a gift from Okawaru
 13963 | Lair:2   | Noticed an eight-headed hydra
 13963 | Lair:2   | Noticed a six-headed hydra
 14243 | Lair:3   | Noticed Nergalle
 14256 | Lair:3   | Killed Nergalle
 14256 | Lair:3   | Reached skill level 1 in Evocations
 14565 | Lair:3   | Reached skill level 1 in Invocations
 14645 | Lair:3   | Noticed a five-headed hydra
 14660 | Lair:3   | Killed a five-headed hydra
 15234 | Lair:5   | Noticed Josephine
 15259 | Lair:5   | Killed Josephine
 15259 | Lair:5   | Reached skill level 11 in Stealth
 15259 | Lair:5   | Gained mutation: You can hop long distances. [Barachi
                  | growth]
 15259 | Lair:5   | Reached XP level 13. HP: 87/105 MP: 26/26
 15840 | Lair:4   | Received a gift from Okawaru
 16997 | Lair:5   | Reached skill level 1 in Translocations
 17136 | Lair:5   | Identified a scroll of acquirement
 17136 | Lair:5   | Acquired 2060 gold pieces
 17433 | Lair:5   | Reached ****** piety under Okawaru
 17896 | Lair:6   | Entered Level 6 of the Lair of Beasts
 17901 | Lair:6   | Noticed Nessos
 18340 | Lair:2   | Reached skill level 12 in Stealth
 18340 | Lair:2   | Reached skill level 10 in Spellcasting
 18340 | Lair:2   | Reached skill level 5 in Evocations
 18725 | Lair:2   | Found a staircase to the Swamp.
 19104 | D:11     | Received a gift from Okawaru
 19117 | D:11     | Found a transporter.
 19118 | D:11     | Noticed JustinTrotter's ghost (journeyman MiBe)
 19172 | D:11     | Found a transporter.
 19531 | D:11     | Reached skill level 1 in Conjurations
 19531 | D:11     | Reached XP level 14. HP: 76/115 MP: 28/28
 19806 | D:11     | Reached skill level 10 in Short Blades
 22052 | D:13     | Found a gate to the Vaults.
 22316 | D:13     | Reached skill level 5 in Invocations
 22369 | D:13     | Found the brooch of Shielding {Spirit SH+8}
 22937 | D:13     | You fall into a shaft and drop 2 floors!
 22937 | D:15     | Entered Level 15 of the Dungeon
 22947 | D:15     | Received a gift from Okawaru
 22965 | D:15     | Reached skill level 13 in Stealth
 23418 | D:14     | Learned a level 2 spell: Passwall
 23544 | D:14     | Noticed a sphinx
 23563 | D:14     | Killed a sphinx
 23563 | D:14     | Reached skill level 5 in Translocations
 24151 | D:13     | Received a gift from Okawaru
 24290 | D:14     | Lost mutation: You are robust. (+10% HP) [potion of
                  | mutation]
 24290 | D:14     | Lost mutation: You are covered in fur. (AC +1) [potion of
                  | mutation]
 24290 | D:14     | Gained mutation: You are covered in fur. (AC +1) [potion of
                  | mutation]
 24290 | D:14     | Gained mutation: You are agile. (Dex +2) [potion of
                  | mutation]
 24291 | D:14     | Lost mutation: You are covered in fur. (AC +1) [potion of
                  | mutation]
 24291 | D:14     | Lost mutation: You are agile. (Dex +2) [potion of mutation]
 24291 | D:14     | Gained mutation: You are resistant to electric shocks.
                  | (rElec) [potion of mutation]
 24291 | D:14     | Gained mutation: You have large cloven feet. [potion of
                  | mutation]
 24291 | D:14     | Gained mutation: You are clumsy. (Dex -2) [potion of
                  | mutation]
 24291 | D:14     | Gained mutation: You have hoof-like feet. [potion of
                  | mutation]
 24292 | D:14     | Lost mutation: You have hoof-like feet. [potion of
                  | mutation]
 24292 | D:14     | Lost mutation: You have large cloven feet. [potion of
                  | mutation]
 24292 | D:14     | Lost mutation: You are resistant to electric shocks.
                  | (rElec) [potion of mutation]
 24292 | D:14     | Gained mutation: You have a pair of small antennae on your
                  | head. [potion of mutation]
 24292 | D:14     | Gained mutation: Scrolls take you a little longer to read.
                  | [potion of mutation]
 24292 | D:14     | Gained mutation: Your mind is acute. (Int +2) [potion of
                  | mutation]
 24417 | D:14     | Reached XP level 15. HP: 110/110 MP: 29/29
 25270 | Orc:1    | Entered Level 1 of the Orcish Mines
 25304 | Orc:1    | Noticed Erica
 25306 | Orc:1    | Killed Erica
 25306 | Orc:1    | Received a gift from Okawaru
 25306 | Orc:1    | Reached skill level 1 in Throwing
 25309 | Orc:1    | Got a jewelled short sword {god gift}
 25310 | Orc:1    | Identified the +1 short sword of Ascent {elec, rF+ rC- rN++
                  | SInv} (Okawaru gifted it to you on level 1 of the Orcish
                  | Mines)
 25320 | Orc:1    | Noticed Jorgrun
 25353 | Orc:1    | Killed Jorgrun
 25733 | Orc:2    | Entered Level 2 of the Orcish Mines
 25782 | Orc:2    | Found a staircase to the Elven Halls.
 25986 | Orc:2    | Noticed an orc warlord
 26151 | Orc:2    | Killed an orc warlord
 26792 | Orc:2    | Found a roughly hewn altar of Beogh.
 26892 | Orc:2    | Found Woichumy's Jewellery Boutique.
 26905 | Orc:2    | Found Juump's General Store.
 27220 | Orc:2    | Found Tiulat's Antique Armour Boutique.
 27235 | Orc:2    | Found Ehuimohy's Antique Weapon Boutique.
 27242 | Orc:2    | Bought a polished scimitar for 288 gold pieces
 27242 | Orc:2    | Identified the +4 scimitar of the Magic Mushroom {vorpal,
                  | rF+++ rC- Str+6} (You bought it in a shop on level 2 of the
                  | Orcish Mines)
 27300 | Orc:2    | Reached skill level 14 in Stealth
 27323 | Orc:2    | Received a gift from Okawaru
 27361 | Orc:2    | Noticed an orc warlord
 27753 | Orc:2    | Identified the amulet of Kuruirgho {Acrobat *Contam rElec
                  | Int+2}
 27753 | Orc:2    | Noticed an orc warlord
 28380 | Lair:5   | Killed Nessos
 29639 | Lair:6   | Received a gift from Okawaru
 30070 | Lair:6   | Received a gift from Okawaru
 30073 | Lair:6   | Got a spiked hat {god gift}
 30085 | Lair:6   | Identified the +0 hat "Feemid Ili" {rCorr Int+3} (Okawaru
                  | gifted it to you on level 6 of the Lair of Beasts)
 30151 | Lair:6   | Found a staircase to the Slime Pits.
 30229 | Lair:6   | Reached XP level 16. HP: 117/117 MP: 31/31
 32424 | D:15     | Reached skill level 15 in Stealth
 33668 | Swamp:1  | Entered Level 1 of the Swamp
 34391 | Swamp:1  | Found a transporter.
 34561 | Swamp:1  | Received a gift from Okawaru
 34564 | Swamp:1  | Got a pair of smoking boots {god gift}
 34575 | Swamp:1  | Identified the +0 pair of boots of Enutwol {rPois MR-
                  | Int+4} (Okawaru gifted it to you on level 1 of the Swamp)
 34637 | Swamp:1  | Found a transporter.
 34637 | Swamp:1  | Noticed Foxy's ghost (adept GrFi)
 35714 | Swamp:2  | Found a transporter.
 35715 | Swamp:2  | Identified the +1 broad axe of the Tent {protect, rElec rF+
                  | rC+ Str+4}
 35721 | Swamp:2  | Identified the cursed +0 rapier of Gallantry {elec, rC+}
 35722 | Swamp:2  | Found a bloodstained altar of Trog.
 35727 | Swamp:2  | Noticed KCGemini's ghost (journeyman FeBe)
 35741 | Swamp:2  | Found a transporter.
 35792 | Swamp:2  | Lost mutation: Scrolls take you a little longer to read.
                  | [potion of mutation]
 35792 | Swamp:2  | Lost mutation: Your mind is acute. (Int +2) [potion of
                  | mutation]
 35792 | Swamp:2  | Lost mutation: You have a pair of small antennae on your
                  | head. [potion of mutation]
 35792 | Swamp:2  | Gained mutation: You have sharp fingernails. [potion of
                  | mutation]
 35792 | Swamp:2  | Gained mutation: You are partially covered in yellow
                  | scales. (AC +2) [potion of mutation]
 35792 | Swamp:2  | Gained mutation: You are weak. (Str -2) [potion of
                  | mutation]
 35792 | Swamp:2  | Gained mutation: You evolve. [potion of mutation]
 35908 | Swamp:2  | Identified the +5 rapier of Autumn {speed, Int+6}
 36186 | Swamp:2  | Noticed a thorn hunter
 36187 | Swamp:2  | Killed a thorn hunter
 36536 | Swamp:3  | Found a frozen archway.
 36580 | IceCv    | Entered an ice cave
 36675 | IceCv    | Gained mutation: You are partially covered in iridescent
                  | scales. (AC +2) [evolution]
 37630 | IceCv    | Learned a level 4 spell: Petrify
 37636 | IceCv    | Learned a level 5 spell: Bolt of Magma
 38532 | Swamp:3  | Reached skill level 1 in Fire Magic
 38535 | Swamp:3  | Reached skill level 1 in Earth Magic
 39613 | Swamp:4  | Entered Level 4 of the Swamp
 39737 | Swamp:4  | Reached XP level 17. HP: 100/126 MP: 28/32
 40461 | Swamp:4  | Reached skill level 16 in Stealth
 41529 | Swamp:4  | Reached skill level 10 in Fighting
 42111 | Swamp:4  | Noticed a bone dragon
 42499 | Elf:1    | Entered Level 1 of the Elven Halls
 42726 | Elf:1    | Received a gift from Okawaru
 42917 | Elf:1    | Found Urhowk Dila's General Store.
 42935 | Elf:1    | Found a magical portal.
 42945 | WizLab   | Entered Lehudib's Moon Base
 43109 | WizLab   | Noticed a tentacled starspawn
 43110 | WizLab   | Noticed a tentacled starspawn
 43115 | WizLab   | Killed a tentacled starspawn
 43120 | WizLab   | Killed a tentacled starspawn
 43189 | WizLab   | Found a transporter.
 43263 | WizLab   | Noticed a tentacled starspawn
 43289 | WizLab   | Killed a tentacled starspawn
 43295 | WizLab   | Killed from afar by a starcursed mass

Illustrated notes

Levels and vault maps discovered:
D:1:      minmay_arrival_shoal_huts, layout_loops_ring, serial_glass,
          glass_columns_c, glass_columns_b, minmay_misc_feat_roman,
          minmay_worlds_worst_comb
D:2:      layout_basic, minmay_3d_cube, uniq_sigmund
D:3:      layout_basic, led_sif_pool, first_ration, ebering_ghost_rock_garden
D:4:      layout_loops_ring, tgw_xom
D:5:      layout_loops_corners, minmay_temple_entry_trees
D:6:      layout_loops_ring
D:7:      minmay_the_grid_triangle_9x9_rhombus_full
          [minmay_the_grid_triangle_9x9_corrupted_corridor,
          minmay_the_grid_triangle_9x9_semitri,
          minmay_the_grid_triangle_9x9_shrine,
          minmay_the_grid_triangle_9x9_zippers_horizontal,
          minmay_the_grid_triangle_9x9_checkered,
          minmay_the_grid_triangle_9x9_swiss_cheese,
          minmay_the_grid_triangle_9x9_odd_lines,
          minmay_the_grid_triangle_9x9_prize_insulated], layout_basic,
          serial_curves, eino_curves_04, eino_curves_01
D:8:      layout_rooms, gammafunk_temple_overflow_statue,
          grunt_lair_entry_orc_guard_hut, grunt_pizzeria,
          minmay_fractal_squares_diagonal_5, uniq_grum
D:9:      layout_cave_pods, grunt_temple_overflow_open
D:10:     layout_loops_cross, orc_0_dummy, fedhas_bush_and_centaur_altar,
          uniq_erolcha
D:11:     layout_layer_cave, gammafunk_ghost_berserking_beasts
D:12:     layout_cave_pods, onia_ninara_cookie
D:13:     layout_rooms, lightli_vaults_fourway_checkpoint
D:14:     minmay_ambush_box, layout_stronghold, grunt_decor_resistance,
          evilmike_butchery
D:15:     grunt_enter_depths_hoard, layout_irregular_city, serial_bayou_pond_d,
          lemuel_mausoleum_altar_yredelemnul
Temple:   eino_temple_scatter_basement
Lair:1:   layout_roguey, grunt_forest_large_clearings
Lair:2:   layout_cave_shapes, palyth_hydra_swamp_entry,
          minmay_snake_entry_guardpost_small
Lair:3:   layout_chaotic_city, lemuel_fruit_tree, uniq_nergalle
Lair:4:   layout_regular_city
Lair:5:   layout_long_grid, eino_house_with_fridge, grunt_megastairs_3,
          uniq_josephine
Lair:6:   minmay_lair_end_enchanted_forest, layout_regular_city,
          dpeg_slime_entry_corner, st_stairs_12, grunt_forest_small_clearings,
          uniq_nessos
Swamp:1:  layout_basic_swamp, gammafunk_ghost_arena,
          evilmike_swamp_ruin_house_3, swamp_pool5, hangedman_swamp_diagram
Swamp:2:  layout_basic_swamp, gammafunk_ghost_wrathful_warriors,
          nicolae_swamp_dense_foliage
Swamp:3:  layout_basic_swamp, portal_ice_cave_entry_ice_statue_one,
          evilmike_swamp_ruin_house_6
Swamp:4:  swamp_pestilence, layout_basic_swamp
Orc:1:    layout_diamond_mine, nicolae_orc_damp_corner, uniq_erica, uniq_jorgrun
Orc:2:    grunt_orc_cross, layout_caves, minmay_orc_treasury
Elf:1:    minmay_elf_arrival_summoners, layout_geoelf_grid, mu_enter_wizlab_4,
          serial_shops, nicolae_shop_behind_doors, minmay_elf_sorcery,
          guppyfry_library_mini, uniq_nikola
WizLab:   wizlab_lehudib

Skill      XL: |  1  2  3  4  5  6  7  8  9 10 11 12 13 14 15 16 17 |
---------------+----------------------------------------------------+-----
Ice Magic      | 5 6 7 8 9 11 | 11.8
Stealth        | 2 3 4 5 6 7 9 11 12 13 14 15 16 | 16.5
Short Blades   | 1 2 3 5 6 7 9 10 11 12 | 12.1
Spellcasting   | 3 4 5 6 7 8 9 10 11 | 11.9
Shields        | 2 4 5 |  5.0
Summonings     | 2 |  2.1
Fighting       | 2 5 7 8 9 10 | 10.4
Dodging        | 3 5 6 8 9 |  9.1
Evocations     | 3 5 |  5.2
Invocations    | 2 4 5 7 8 |  8.2
Translocations | 3 5 7 8 |  8.0
Conjurations   | 1 4 |  4.8
Throwing       | 2 |  2.9
Fire Magic     | 2 3 |  3.0
Earth Magic    | 1 3 |  3.6
Armour         | |  0.4

Action                   |  1- 3 |  4- 6 |  7- 9 | 10-12 | 13-15 | 16-18 || total
-------------------------+-------+-------+-------+-------+-------+-------++-------
Melee: Short sword       |     5 |       |    89 |   493 |  1496 |  1435 ||  3518
       Dagger            |    28 |    65 |   126 |       |    31 |       ||   250
       Scimitar          |       |       |       |       |       |   202 ||   202
Throw: Javelin           |     2 |       |     2 |    12 |    42 |    36 ||    94
 Cast: Freeze            |    40 |    37 |    25 |    22 |     3 |       ||   127
       Frozen Ramparts   |     1 |     2 |    26 |    43 |    73 |    23 ||   168
       Summon Ice Beast  |       |       |     4 |     1 |     4 |    23 ||    32
       Mephitic Cloud    |       |       |       |     1 |     8 |     5 ||    14
       Hailstorm         |       |       |       |    10 |    45 |    62 ||   117
       Conjure Flame     |       |       |       |     5 |     4 |     2 ||    11
       Ozocubu's Armour  |       |       |       |     2 |    26 |    22 ||    50
       Bolt of Magma     |       |       |       |       |       |    11 ||    11
       Passwall          |       |       |       |       |       |     3 ||     3
Invok: Heroism           |       |       |     2 |     9 |    19 |    23 ||    53
       Finesse           |       |       |       |       |     3 |     2 ||     5
 Abil: Hop               |       |       |     4 |    10 |    30 |    17 ||    61
Evoke: Wand              |       |       |       |       |     4 |     1 ||     5
       Tin of tremorston |       |       |       |       |       |     6 ||     6
       Phantom mirror    |       |       |       |       |       |     1 ||     1
  Use: Potion            |       |     5 |     6 |     2 |     4 |     5 ||    22
       Scroll            |       |       |    12 |     1 |    11 |     7 ||    31
 Stab: Sleeping          |     3 |     5 |     5 |    17 |    48 |    34 ||   112
       Distracted        |       |       |     1 |     2 |     8 |     4 ||    15
       Confused          |       |       |       |       |     5 |     4 ||     9
  Eat: Chunk             |     3 |     5 |    12 |    23 |    42 |    19 ||   104
       Ration            |       |       |     2 |     1 |     3 |     8 ||    14
Armor: Robe              |    23 |    28 |    38 |    88 |   216 |   264 ||   657
       Skin              |       |       |    27 |       |       |       ||    27
       Swamp dragon scal |       |       |       |       |       |     1 ||     1
Dodge: Dodged            |    47 |    53 |   120 |   264 |   613 |   607 ||  1704
       Repelled          |       |       |     5 |       |       |       ||     5
Block: Buckler           |       |       |       |   101 |   518 |   689 ||  1308
       Rpst.: Scimitar   |       |       |       |       |       |    36 ||    36
